 Dungeon Crawl Stone Soup version 0.32-a0-683-ge26c5dbc97 (webtiles) character file.

Game seed: 16138665859302042903

1408065 NormalPerson7 the Rhythm of Life and Death (level 26, 266/266 HPs)
             Began as a Minotaur Brigand on Mar 12, 2024.
             Was a Follower of Uskayaw.
             Escaped with the Orb
             ... and 3 runes!
             The game lasted 04:56:19 (101048 turns).

NormalPerson7 the Rhythm of Life and Death (MiBr) Turns: 101048, Time: 04:56:19

Health: 266/266    AC: 35    Str: 30    XL:     26   Next: 22%
Magic:  39/39      EV: 12    Int: 12    God:    Uskayaw [*.....]
Gold:   2016       SH: 22    Dex: 14    Spells: 25/25 levels left

rFire   + + .        a - +8 eveningstar (flame)
rCold   + + .        U - +2 tower shield {rN+}
rNeg    + . .        O - +4 gold dragon scales
rPois   +            L - +2 hat
rElec   +            q - +2 cloak {rCorr}
rCorr   +            i - +2 pair of gloves {Str+3}
SInv    .            s - +2 pair of boots
Will    +++..        d - amulet of regeneration Stlth
                     G - ring "Sumem" {rElec rC+ Will+}
HPRegen 1.44/turn    W - ring of Kannapo {rF+ Will+ rCorr Str+3}
MPRegen 0.26/turn

%: no passive effects
@: studying Short Blades
A: horns 2, retaliatory headbutt, clever 1, deformed body, deterioration 2,
MP-powered wands
0: Orb of Zot
}: 3/15 runes: decaying, serpentine, slimy
a: Renounce Religion, Stomp


You escaped.
You worshipped Uskayaw.
Uskayaw was exalted by your worship.
You visited 10 branches of the dungeon, and saw 51 of its levels.

You collected 7045 gold pieces.
You spent 5029 gold pieces at shops.

Inventory:

Hand Weapons
 a - a +8 eveningstar of flaming (weapon)
 b - the +12 morningstar of the Hand {venom, Int+2 SInv}
   (You bought it in a shop on level 4 of the Snake Pit)

   Int+2:     It affects your intelligence (+2).
   SInv:      It lets you see invisible.
Missiles
 o - 8 throwing nets (quivered) {!f}
 r - 3 darts of dispersal
 z - 10 curare-tipped darts
 A - 24 javelins
 N - 23 boomerangs
 Y - 5 silver javelins
Armour
 i - a +2 pair of gloves of strength (worn)
 q - a +2 cloak of preservation (worn)
 s - a +2 pair of boots (worn)
 L - a +2 hat (worn)
 O - +4 gold dragon scales (worn)
 U - a +2 tower shield of positive energy (worn)
Jewellery
 d - an amulet of regeneration (around neck)
 E - a +5 ring of evasion
 G - the ring "Sumem" (left hand) {rElec rC+ Will+}
   (You bought it in a shop on level 2 of the Snake Pit)

   [ring of willpower]

   rC+:       It protects you from cold.
   rElec:     It insulates you from electricity.
   Will+:     It increases your willpower.
 W - the ring of Kannapo (right hand) {rF+ Will+ rCorr Str+3}
   (You found it on level 5 of the Realm of Zot)

   [ring of protection from fire]

   Str+3:     It affects your strength (+3).
   rF+:       It protects you from fire.
   Will+:     It increases your willpower.
   rCorr:     It protects you from acid and corrosion.
 Z - the ring of Prescription {rF+ Str+6}
   (You bought it in a shop on level 2 of the Snake Pit)

   [ring of strength]

   Str+6:     It affects your strength (+6).
   rF+:       It protects you from fire.
Wands
 y - a wand of polymorph (38)
 F - a wand of mindburst (58)
 H - a wand of roots (37)
 J - a wand of paralysis (30)
 P - a wand of light (13)
 Q - a wand of digging (12)
 T - a wand of flame (9)
Scrolls
 k - 5 scrolls of vulnerability
 n - 5 scrolls of fog
 t - 17 scrolls of teleportation
 w - a scroll of summoning {!r}
 x - 5 scrolls of blinking
 D - 6 scrolls of poison
 I - 6 scrolls of silence
 K - 5 scrolls of immolation
 M - 10 scrolls of fear
 X - 4 scrolls of revelation
Potions
 c - 12 potions of curing
 e - 14 potions of might
 f - 3 potions of haste
 g - 2 potions of invisibility
 h - 8 potions of heal wounds
 l - 3 potions of cancellation
 p - a potion of magic
 u - 4 potions of berserk rage
 v - 3 potions of resistance
 B - 4 potions of ambrosia
 C - 5 potions of mutation
 R - 11 potions of attraction
 S - 7 potions of lignification
 V - 7 potions of enlightenment
Miscellaneous
 j - a phantom mirror
 m - a lightning rod (4/4)


   Skills:
 O Level 27 Fighting
 - Level 2.1 Short Blades
 - Level 4.5(11.2) Axes
 - Level 15.7(16.0) Maces & Flails
 - Level 16.0 Throwing
 * Level 20.9 Armour
 - Level 14.0 Dodging
 - Level 3.2 Stealth
 + Level 18.1 Shields
 O Level 27 Invocations
 - Level 6.0 Evocations


You had 25 spell levels left.
You didn't know any spells.
Your spell library contained the following spells:

 Spells                   Type           Power      Damage    Failure   Level
 Apportation              Tloc           0%         N/A       99%         1
 Freeze                   Ice            0%         1d3       99%         1
 Kiss of Death            Conj/Necr      0%         2d5       99%         1
 Magic Dart               Conj           0%         1d3       99%         1
 Necrotise                Necr           0%         1d4       99%         1
 Sandblast                Erth           0%         2d4       99%         1
 Shock                    Conj/Air       0%         1d3       99%         1
 Slow                     Hex            0%         N/A       99%         1
 Sting                    Conj/Alch      0%         1d3       99%         1
 Summon Small Mammal      Summ           0%         N/A       99%         1
 Blink                    Tloc           0%         N/A       100%        2
 Call Imp                 Summ           0%         N/A       100%        2
 Cigotuvi's Dreadful Rot  Necr/Alch/Air  0%         N/A       100%        2
 Ensorcelled Hibernation  Hex/Ice        0%         N/A       100%        2
 Jinxbite                 Hex            0%         N/A       100%        2
 Lesser Beckoning         Tloc           0%         N/A       100%        2
 Mercury Vapours          Alch/Air       0%         N/A       100%        2
 Searing Ray              Conj           0%         2d4       100%        2
 Sublimation of Blood     Necr           0%         N/A       100%        2
 Call Canine Familiar     Summ           0%         N/A       100%        3
 Confusing Touch          Hex            0%         N/A       100%        3
 Fugue of the Fallen      Necr           0%         N/A       100%        3
 Gell's Gravitas          Tloc           0%         N/A       100%        3
 Hailstorm                Conj/Ice       0%         3d5       100%        3
 Mephitic Cloud           Conj/Alch/Air  0%         N/A       100%        3
 Ozocubu's Armour         Ice            0%         N/A       100%        3
 Passwall                 Erth           0%         N/A       100%        3
 Sigil of Binding         Hex            0%         N/A       100%        3
 Stone Arrow              Conj/Erth      0%         3d7       100%        3
 Summon Ice Beast         Ice/Summ       0%         N/A       100%        3
 Swiftness                Air            0%         N/A       100%        3
 Teleport Other           Tloc           0%         N/A       100%        3
 Tukima's Dance           Hex            0%         N/A       100%        3
 Vampiric Draining        Necr           0%         2d6       100%        3
 Volatile Blastmotes      Fire/Tloc      0%         2d10      100%        3
 Brom's Barrelling Bould  Conj/Erth      0%         2d3       100%        4
 Dimensional Bullseye     Hex/Tloc       0%         N/A       100%        4
 Dispel Undead            Necr           0%         3d6       100%        4
 Fulminant Prism          Conj/Alch      0%         3d5       100%        4
 Ignite Poison            Fire/Alch      0%         N/A       100%        4
 Iskenderun's Mystic Bla  Conj/Tloc      0%         2d3       100%        4
 Leda's Liquefaction      Alch/Erth      0%         N/A       100%        4
 Manifold Assault         Tloc           0%         N/A       100%        4
 Martyr's Knell           Necr/Summ      0%         N/A       100%        4
 Olgreb's Toxic Radiance  Alch           0%         N/A       100%        4
 Passage of Golubria      Tloc           0%         N/A       100%        4
 Petrify                  Alch/Erth      0%         N/A       100%        4
 Summon Blazeheart Golem  Fire/Summ      0%         N/A       100%        4
 Summon Lightning Spire   Summ/Air       0%         N/A       100%        4
 Vhi's Electric Charge    Tloc/Air       0%         N/A       100%        4
 Alistair's Intoxication  Alch           0%         N/A       100%        5
 Arcjolt                  Conj/Air       0%         1d10      100%        5
 Curse of Agony           Necr           0%         N/A       100%        5
 Freezing Cloud           Conj/Ice/Air   0%         6-21      100%        5
 Irradiate                Conj/Alch      0%         3d11      100%        5
 Iskenderun's Battlesphe  Conj           0%         2d6       100%        5
 Lee's Rapid Deconstruct  Erth           0%         3d4*      100%        5
 Metabolic Englaciation   Hex/Ice        0%         N/A       100%        5
 Silence                  Hex/Air        0%         N/A       100%        5
 Summon Forest            Summ/Tloc      0%         N/A       100%        5
 Summon Mana Viper        Hex/Summ       0%         N/A       100%        5
 Yara's Violent Unravell  Hex/Alch       0%         3d3       100%        5
 Bombard                  Conj/Erth      0%         9d1       100%        6
 Death Channel            Necr           0%         N/A       100%        6
 Dispersal                Tloc           0%         N/A       100%        6
 Permafrost Eruption      Ice/Erth       0%         2x4d2     100%        6
 Plasma Beam              Fire/Air       0%         2x1d10    100%        6
 Sculpt Simulacrum        Ice/Alch       0%         N/A       100%        6
 Summon Cactus Giant      Summ           0%         N/A       100%        6
 Enfeeble                 Hex            0%         N/A       100%        7
 Haunt                    Necr/Summ      0%         N/A       100%        7
 Monstrous Menagerie      Summ           0%         N/A       100%        7
 Ozocubu's Refrigeration  Ice            0%         4d7       100%        7
 Spellforged Servitor     Conj/Summ      0%         N/A       100%        7
 Summon Hydra             Summ           0%         N/A       100%        7
 Borgnjor's Revivificati  Necr           0%         N/A       100%        8
 Discord                  Hex            0%         N/A       100%        8
 Disjunction              Tloc           0%         N/A       100%        8
 Ignition                 Fire           0%         3d3       100%        8
 Lehudib's Crystal Spear  Conj/Erth      0%         10d2      100%        8
 Chain Lightning          Conj/Air       0%         N/A       100%        9
 Death's Door             Necr           0%         N/A       100%        9
 Polar Vortex             Ice            0%         N/A       100%        9


Dungeon Overview and Level Annotations

Branches:
Dungeon (15/15)            Temple (0/1) D:7            Lair (5/5) D:11
  Swamp (4/4) Lair:2        Snake (4/4) Lair:3        Slime (5/5) Lair:5
    Orc (2/2) D:10            Elf (3/3) Orc:2        Vaults (4/5) D:13
  Crypt (0/3) Vaults:3     Depths (4/4) D:15            Zot (5/5) Depths:4

Altars:
Dithmenos
Hepliaklqana
Kikubaaqudgha
Nemelex Xobeh
Okawaru
Qazlal
Trog
Uskayaw
Vehumet
Wu Jian
Yredelemnul
Beogh
Jiyva

Shops:
D:4 !   D:5 :   D:10 *   Orc:1 *   Orc:2 :(*[   Elf:2 *   Elf:3 ?*   Snake:1 *
Snake:2 ===:   Snake:4 :!*?(   Vaults:3 [   Depths:4 (!:

Portals:
Hell: Depths:1 Depths:2 Depths:3 Depths:4
Abyss: Depths:1 Depths:3
Pandemonium: Depths:2 Depths:3
Ziggurat: Depths:4

Annotations:
Swamp:3 Roxanne
Elf:1 exclusion: ice statue
Zot:3 2 transporters, Anuegiwi's ghost, veteran AtFi


Innate Abilities, Weirdness & Mutations

You have a pair of horns on your head.
You reflexively headbutt those who attack you in melee.
Your mind is acute. (Int +4, Str/Dex -1)
Armour fits poorly on your strangely shaped body.
Your body often deteriorates upon taking damage.
You expend magic power (3 MP) to strengthen your wands.


Message History

There is an open door here.
There is a stone staircase leading up here.
You climb upwards.
There is a stone staircase leading down here.
There is a stone staircase leading up here.
You climb upwards.
There is a stone staircase leading down here.
There is an open door here.
A Hell Sentinel comes into view.
Throw: 24 javelins
Press: ? - help, Q - select action, (/) - cycle Shift-Dir - straight line, f - Hell Sentinel
Aim: a Hell Sentinel (90% to hit)
Okay, then.
Throw: 9 throwing nets {!f}
Press: ? - help, Q - select action, (/) - cycle Shift-Dir - straight line, f - Hell Sentinel
Aim: a Hell Sentinel (90% to hit)
You throw a throwing net {!f}.
The throwing net {!f} hits the Hell Sentinel.
The Hell Sentinel is caught in the net!
The Hell Sentinel struggles against the net.
The Hell Sentinel struggles against the net.
(D) Dungeon (T) Temple (L) Lair (S) Swamp (P) Snake Pit (M) Slime Pits (O) Orcish Mines (E) Elven Halls (V) Vaults (C) Crypt (U) Depths (H) Hell (Z) Zot
Where to? (Tab/Enter - D:1 @ (x,y), ? - help)
You see here a ball python skeleton.
There is an open door here.
A cacodemon comes into view.
The cacodemon shouts!
You hear a grinding noise.
A demonspawn black sun, a soul eater and a demonspawn warmonger come into view.
The demonspawn warmonger is wielding a +1 demon trident of freezing and wearing a +2 plate armour of positive energy.
The demonspawn warmonger shouts!
The demonspawn warmonger unwields a +1 demon trident of freezing.
The demonspawn warmonger wields a +6 arbalest of freezing.
It is covered in frost.
The demonspawn warmonger shoots a bolt.
You block the bolt.
Some rock shatters into small pieces.
There is a staircase leading out of the dungeon here.
You have escaped!

##### ######.@.######
###........6....###
######.................###
#....'...........6.....'.####
###.####..........3......#....#
....# ###.............######.#
.#### ###.........#.# #.### .#
###.....##..# #.... .#
###.........### #.###


You could see a demonspawn warmonger, a demonspawn black sun and a soul eater.

Vanquished Creatures
  the Royal Jelly (Slime:5)
  4 dread liches
  Frederick (Depths:2)
  3 orbs of fire
  4 ancient liches
  Xtahua (Vaults:3)
  6 Killer Klowns
  A curse toe (Zot:4)
  8 golden dragons
  2 bone dragons
  The ghost of vegansnacktivist the Executioner, an adept DDFi of Makhleb (Vaults:2)
  3 electric golems
  Mlioglotl (Swamp:1)
  15 tentacled monstrosities
  25 Orb Guardians
  6 liches
  Jorgrun (D:14)
  A walking crystal tome (Depths:2)
  2 titans (Depths:4)
  7 deep elf blademasters
  3 deep elf master archers (Elf:3)
  5 quicksilver dragons
  A walking frostbound tome (Depths:2)
  5 sphinxes
  17 acid blobs
  An Executioner (Zot:1)
  Agnes (Elf:1)
  12 death cobs
  The ghost of Zeofi the Eclecticist, an adept DsNe of Gozag (Elf:2)
  7 shadow dragons
  Aizul (Snake:4)
  8 rockslimes
  11 azure jellies
  A storm dragon (shapeshifter) (Depths:2)
  6 tengu reavers
  19 nagarajas
  3 protean progenitors
  9 draconian shifters
  24 storm dragons
  11 frost giants
  3 iron dragons (Depths:2)
  7 deep elf sorcerers
  8 draconian monks
  7 fire giants
  2 balrugs
  5 draconian scorchers
  5 ghost moths
  9 deep elf elementalists
  7 draconian knights
  14 vault wardens
  Louise (Elf:1)
  4 juggernaut zombies (Depths:3)
  2 caustic shrike zombies (Depths:3)
  7 orc warlords
  10 formless jellyfish
  18 ironbound preservers
  A reaper (Depths:1)
  A draconian annihilator (Zot:3)
  9 stone giants
  2 draconian stormcallers (Zot:3)
  11 ironbound thunderhulks
  6 very ugly things (Depths:1)
  7 quicksilver oozes
  7 deep elf demonologists (Elf:3)
  17 green draconians
  8 deep elf death magi
  5 eleionomae
  Nessos (Lair:4)
  8 deep elf annihilators
  5 white draconians
  9 yellow draconians
  4 war gargoyles
  11 black draconians
  8 dire elephants
  Azrael (D:12)
  The ghost of G0Dl1kE the Unseen, a journeyman SpEn of Sif Muna (Swamp:1)
  9 red draconians
  16 purple draconians
  3 bunyips
  9 spark wasps
  A merfolk impaler (Elf:2)
  A quicksilver dragon zombie (Depths:3)
  3 crystal guardians
  4 ettins
  5 entropy weavers
  A blizzard demon (Depths:3)
  7 fire dragons
  A merfolk javelineer (Elf:3)
  Josephine (D:13)
  10 deep elf high priests
  2 spectral fenstrider witches (Swamp:1)
  9 great orbs of eyes
  5 salamander tyrants
  11 yaktaur captains
  Harold (Lair:1)
  10 ice dragons
  A spriggan zombie (Depths:3)
  15 vault guards
  6 rakshasas
  4 ghost crabs
  A hell beast (Depths:1)
  13 ironbound frosthearts
  5 spriggan air magi
  4 peacekeepers
  4 alligators
  A catoblepas (Lair:1)
  An ogre mage (D:15)
  7 hydras
  9 anacondas
  2 radroaches (Zot:4)
  2 boulder beetles
  The ghost of grizmgrazm2 the Eclecticist, a journeyman DECj of Vehumet (Lair:1)
  4 centaur warriors
  9 two-headed ogres
  13 deep troll earth magi
  A sphinx zombie (Depths:3)
  27 dancing weapons
  7 deep troll shamans
  An occultist (Depths:3)
  A tengu warrior (Depths:3)
  A titan zombie (Depths:3)
  15 death yaks
  7 orc high priests
  14 naga warriors
  3 spriggan berserkers (Depths:3)
  4 hell knights
  9 naga sharpshooters
  5 shock serpents
  3 sun demons (Depths:1)
  18 deep elf knights
  A storm dragon zombie (Vaults:4)
  8 iron trolls
  Nergalle (D:12)
  4 soul eaters (Depths:1)
  3 salamander mystics
  2 sixfirhies
  A skyshark (Lair:5)
  The ghost of anet the Trooper, a novice GrCj of Hepliaklqana (D:10)
  5 goliath frogs
  A quicksilver dragon simulacrum (Depths:2)
  70 deep trolls
  4 glowing orange brains
  A glowing orange brain (shapeshifter) (Depths:4)
  2 spriggan druids
  4 golden dragon zombies (Depths:3)
  A cherub (D:15)
  2 obsidian statues
  A spectral anaconda (Lair:5)
  12 mana vipers
  5 spark wasp zombies (Depths:3)
  A sun moth (shapeshifter) (Depths:3)
  A deep troll (shapeshifter) (Depths:3)
  10 naga ritualists
  4 bog bodies
  A sun moth (Depths:2)
  A shadow dragon zombie (Depths:3)
  3 swamp dragons
  A steelbarb worm (Zot:3)
  21 lindwurms
  A shadow demon (Depths:3)
  3 arcanists
  A steelbarb worm (shapeshifter) (Depths:4)
  26 deep elf pyromancers
  16 ironbound convokers
  16 orc knights
  2 thermic dynamos (Depths:2)
  12 deep elf archers
  2 fenstrider witch simulacra (Swamp:1)
  4 harpies (Vaults:3)
  7 necromancers
  8 orc sorcerers
  2 frost giant zombies (Depths:3)
  The ghost of koorschki the Martial Artist, a novice DsSh of Cheibriados (D:5)
  27 ugly things
  2 spectral spriggans (Swamp:1)
  20 deep elf zephyrmancers
  A cyclops (shapeshifter) (Depths:1)
  4 manticores
  5 cyclopes
  6 will-o-the-wisps
  A meliai (shapeshifter) (D:12)
  5 shining eyes
  3 centaur zombies (D:15)
  26 moths of wrath
  A toenail golem (Zot:1)
  16 salamanders
  21 elephants
  44 black mambas
  4 guardian serpents (Snake:4)
  9 naga magi
  3 smoke demons (Depths:1)
  A dire elephant skeleton (Lair:5)
  An eye of devastation (Slime:4)
  10 cane toads
  2 torpor snails
  A centaur skeleton (D:15)
  14 vault sentinels
  2 gargoyles
  Maggie (D:9)
  An eye of devastation (shapeshifter) (Depths:3)
  A large abomination (Zot:1)
  A cane toad (shapeshifter) (Depths:4)
  A water nymph (Snake:2)
  A hellion (D:4)
  34 yaktaurs
  8 freezing wraiths
  4 komodo dragons
  3 rime drakes
  An efreet (D:11)
  A spectral death drake (Swamp:1)
  11 tengu conjurers
  2 golden dragon simulacra (Depths:3)
  3 trolls
  A merfolk (shapeshifter) (Depths:4)
  9 hornets
  7 tyrant leeches
  2 bloated husks
  2 polar bears
  Grinder (D:3)
  A spectral elephant (Lair:5)
  2 snapping turtles (Zot:3)
  A tarantella (Vaults:1)
  2 saltlings (Vaults:1)
  23 blink frogs
  3 glass eyes
  15 dream sheep
  An air elemental (Elf:2)
  2 wyverns
  80 slime creatures
  8 spriggans
  A dire elephant simulacrum (Lair:5)
  A shadow (D:12)
  2 water elementals (Elf:1)
  Sigmund (D:4)
  33 yaks
  7 fire elementals
  A vampire (D:12)
  A death yak simulacrum (Lair:5)
  3 wargs
  12 vampire mosquitoes
  10 wraiths
  16 golden eyes
  A hog (shapeshifter) (D:13)
  A steam dragon (Lair:4)
  4 spriggan simulacra (Swamp:1)
  8 basilisks
  A yaktaur simulacrum (Vaults:4)
  7 redbacks
  19 swamp worms
  2 swamp worm simulacra (Swamp:4)
  Edmund (D:4)
  34 nagas
  2 acid dragons
  A hell hound (D:12)
  4 glowing shapeshifter zombies (Depths:3)
  12 water moccasins
  A glowing shapeshifter skeleton (Depths:3)
  16 hydra simulacra (Swamp:4)
  2 swamp drakes
  An ice beast (shapeshifter) (Depths:2)
  4 sky beasts
  30 orc warriors
  A black bear (shapeshifter) (Elf:2)
  5 ogres
  2 ice beasts
  An elephant zombie (Lair:5)
  3 black bears (Lair:1)
  2 laughing skulls (D:15)
  11 wolves
  11 centaurs
  2 elephant skeletons (Lair:5)
  3 phantoms
  2 kobold brigands
  14 bullfrogs
  2 scorpions (D:5)
  A cane toad simulacrum (Lair:5)
  A glowing shapeshifter simulacrum (Vaults:4)
  9 wights
  3 killer bees (D:8)
  3 howler monkeys
  A bombardier beetle (D:5)
  2 wyvern simulacra (D:5)
  A gnoll bouda (D:6)
  20 orc priests
  2 hounds (D:6)
  8 jellies
  3 sleepcaps
  2 water moccasin simulacra (D:5)
  4 iguanas
  23 orc wizards
  16 gnolls
  5 adders
  3 white imps
  6 swamp drake simulacra (Swamp:4)
  3 ufetubi
  A dart slug (D:3)
  75 orcs
  4 bats
  9 endoplasms
  3 giant cockroaches
  9 goblins
  6 hobgoblins
  9 jackals
  6 quokkas
  9 ball pythons
  A frilled lizard (D:1)
  12 kobolds
  5 rats
  3 aspiring fleshes (Zot:3)
2098 creatures vanquished.

Vanquished Creatures (collateral kills)
  Zenata (Vaults:4)
1 creature vanquished.

Vanquished Creatures (others)
  A dread lich (Zot:5)
  A ghost moth (Depths:4)
  A spectral spriggan (Swamp:1)
  A bloated husk (Swamp:1)
  20 foxfires
  2 starspawn tentacles (Swamp:1)
26 creatures vanquished.

Grand Total: 2125 creatures vanquished

Notes
Turn   | Place    | Note
-------+----------+-------------------------------------------
     0 | D:1      | NormalPerson7 the Minotaur Brigand began the quest for the
                  | Orb.
     0 | D:1      | Reached XP level 1. HP: 18/18 MP: 0/0
   415 | D:1      | Reached XP level 2. HP: 23/26 MP: 1/1
   530 | D:1      | Found a faded altar of an unknown god.
   597 | D:1      | Prayed at the altar of an unknown god.
   597 | D:1      | Became a worshipper of Uskayaw the Reveller
   597 | D:1      | Reached * piety under Uskayaw
   669 | D:1      | Reached ** piety under Uskayaw
   874 | D:1      | Reached *** piety under Uskayaw
  1007 | D:1      | Reached skill level 1 in Invocations
  1007 | D:1      | Reached XP level 3. HP: 33/33 MP: 2/2
  1450 | D:2      | Reached XP level 4. HP: 40/40 MP: 4/4
  2400 | D:3      | Noticed Grinder
  3178 | D:3      | Reached skill level 1 in Axes
  3178 | D:3      | Reached XP level 5. HP: 46/46 MP: 6/6
  3754 | D:4      | Noticed Edmund
  3804 | D:4      | Killed Edmund
  3805 | D:4      | Reached XP level 6. HP: 41/52 MP: 7/7
  4215 | D:4      | Noticed Sigmund
  4427 | D:4      | Found Ekhlusee's Distillery.
  4433 | D:4      | Bought 2 potions of curing for 84 gold pieces
  4433 | D:4      | Bought a potion of heal wounds for 70 gold pieces
  4433 | D:4      | Bought a potion of berserk rage for 70 gold pieces
  4519 | D:4      | Reached skill level 1 in Maces & Flails
  4640 | D:4      | Reached XP level 7. HP: 59/59 MP: 9/9
  4867 | D:5      | Entered Level 5 of the Dungeon
  4943 | D:5      | Found a runed translucent gate.
  4943 | D:5      | Found a runed translucent gate.
  4943 | D:5      | Found a runed translucent gate.
  5127 | D:5      | Reached skill level 5 in Maces & Flails
  5233 | D:5      | Identified the +0 chain mail of Okawaru's Favour {Harm
                  | Will- Str+7 Dex+2}
  5275 | D:5      | Found Lodeak's Book Shoppe.
  5367 | D:5      | Found a hazy altar of Hepliaklqana.
  5515 | D:5      | Noticed koorschki's ghost (novice DsSh)
  5610 | D:5      | Reached skill level 5 in Fighting
  5680 | D:5      | Reached XP level 8. HP: 60/68 MP: 10/10
  5684 | D:5      | Reached **** piety under Uskayaw
  6480 | D:6      | Reached skill level 5 in Invocations
  6542 | D:6      | Found a shadowy altar of Dithmenos.
  6763 | D:6      | Identified the +1 falchion of the Morning {holy, *Noise
                  | +Blink Str+2 SInv}
  7202 | D:6      | Reached XP level 9. HP: 73/75 MP: 11/11
  7333 | D:7      | Got the Vellum of the Commander
  7524 | D:7      | Found a stormy altar of Qazlal.
  7984 | D:7      | Reached skill level 10 in Maces & Flails
  8180 | D:7      | Found a staircase to the Ecumenical Temple.
  8782 | D:8      | Noticed a manticore
  8790 | D:8      | Reached ***** piety under Uskayaw
  8804 | D:8      | Killed a manticore
  9131 | D:4      | Bought a potion of curing for 42 gold pieces
  9131 | D:4      | Bought a potion of ambrosia for 112 gold pieces
  9131 | D:4      | Bought a potion of curing for 42 gold pieces
  9131 | D:4      | Bought a potion of curing for 42 gold pieces
  9485 | D:9      | Identified the +11 short sword of Duty {vamp, +Blink rPois
                  | Str+2}
  9654 | D:9      | Noticed a troll
  9955 | D:4      | Killed Sigmund
 10534 | D:3      | Killed Grinder
 10535 | D:3      | Reached skill level 5 in Throwing
 10535 | D:3      | Reached XP level 10. HP: 84/88 MP: 12/12
 11460 | D:9      | Noticed Maggie
 11469 | D:9      | Killed Maggie
 11752 | D:10     | Entered Level 10 of the Dungeon
 11816 | D:10     | Found a staircase to the Orcish Mines.
 12301 | D:10     | Found Puodd's Elemental Accessories.
 12549 | D:10     | Noticed a cyclops
 12617 | D:10     | Killed a cyclops
 12924 | D:10     | Found a runed translucent gate.
 12925 | D:10     | Found a runed translucent gate.
 12926 | D:10     | Found a runed translucent gate.
 12935 | D:10     | Noticed anet's ghost (novice GrCj)
 13055 | D:10     | Found a bloodstained altar of Trog.
 13062 | D:10     | Found a sparkling altar of Nemelex Xobeh.
 13837 | D:11     | Found a staircase to the Lair.
 13876 | D:11     | Noticed a boulder beetle
 13949 | D:11     | Noticed a manticore
 14110 | D:11     | Killed a manticore
 14332 | D:11     | Found a viscous altar of Jiyva.
 14347 | D:11     | Reached XP level 11. HP: 95/97 MP: 16/16
 14804 | D:11     | Reached skill level 10 in Fighting
 14872 | D:11     | Reached skill level 1 in Evocations
 14970 | D:11     | Noticed a two-headed ogre
 15036 | Lair:1   | Entered Level 1 of the Lair of Beasts
 16257 | Lair:1   | Found a runed translucent door.
 16257 | Lair:1   | Noticed grizmgrazm2's ghost (journeyman DECj)
 16276 | Lair:1   | Noticed a catoblepas
 16431 | Lair:1   | Reached ****** piety under Uskayaw
 16641 | Lair:1   | Reached skill level 1 in Armour
 16940 | Lair:1   | Killed a catoblepas
 17290 | Lair:2   | Reached skill level 5 in Armour
 17609 | Lair:2   | Reached skill level 5 in Dodging
 17609 | Lair:2   | Reached XP level 12. HP: 98/106 MP: 17/17
 17620 | Lair:2   | Reached skill level 1 in Shields
 18084 | Lair:2   | Noticed a death yak
 18085 | Lair:2   | Noticed a death yak
 18085 | Lair:2   | Noticed a death yak
 18159 | Lair:1   | Killed a death yak
 18160 | Lair:1   | Reached skill level 5 in Shields
 18244 | Lair:2   | Noticed Harold
 18433 | Lair:1   | Killed Harold
 18569 | Lair:1   | Killed a death yak
 18591 | Lair:2   | Killed a death yak
 19431 | Lair:2   | Reached skill level 10 in Shields
 19619 | Lair:2   | Found a staircase to the Swamp.
 20453 | Lair:3   | Found a staircase to the Snake Pit.
 20983 | Lair:4   | Reached XP level 13. HP: 105/113 MP: 19/19
 21134 | Lair:4   | Reached skill level 10 in Invocations
 21871 | Lair:4   | Noticed Nessos
 21890 | Lair:4   | Killed Nessos
 22190 | Lair:5   | Entered Level 5 of the Lair of Beasts
 22190 | Lair:5   | Found a viscous altar of Jiyva.
 22190 | Lair:5   | Found a staircase to the Slime Pits.
 22974 | Lair:5   | Identified the +1 scale mail "Cuoddi" {Will+}
 23235 | Lair:5   | Reached skill level 10 in Armour
 23414 | Lair:5   | Reached XP level 14. HP: 97/126 MP: 21/21
 23656 | Lair:5   | Noticed an azure jelly
 23764 | Orc:1    | Entered Level 1 of the Orcish Mines
 23848 | Orc:1    | Found Tashimif's Mass Market.
 24061 | Orc:2    | Entered Level 2 of the Orcish Mines
 24231 | Orc:1    | Found a radiant altar of Vehumet.
 24522 | Orc:2    | Found a staircase to the Elven Halls.
 24694 | Orc:2    | Found a roughly hewn altar of Beogh.
 25500 | Orc:2    | Noticed an orc warlord
 25800 | Orc:2    | Found a roughly hewn altar of Beogh.
 25840 | Orc:2    | Killed an orc warlord
 26612 | Orc:2    | Found Hugev's General Store.
 26613 | Orc:2    | Found Qiok's Book Emporium.
 26615 | Orc:2    | Found Utiskit's Antique Armour Shoppe.
 26615 | Orc:2    | Found Moaxosho's Antique Weapon Shoppe.
 26629 | Orc:2    | Bought a +2 pair of gloves of strength for 344 gold pieces
 26646 | Orc:2    | Bought a glowing cloak for 217 gold pieces
 27890 | D:12     | Noticed Nergalle
 27974 | D:12     | Killed Nergalle
 28119 | D:12     | Noticed Azrael
 28372 | D:12     | Killed Azrael
 29870 | D:13     | Reached XP level 15. HP: 107/137 MP: 23/23
 29964 | D:13     | Found a gate to the Vaults.
 30349 | D:13     | Noticed Josephine
 30356 | D:13     | Killed Josephine
 30530 | D:14     | Found a basalt altar of Yredelemnul.
 30562 | D:14     | Noticed Jorgrun
 30635 | D:14     | Killed Jorgrun
 31745 | D:15     | Entered Level 15 of the Dungeon
 31884 | D:15     | Identified the +9 great sword "Boit" {flame, Will- Int+5
                  | Dex+4}
 32461 | D:15     | Reached skill level 15 in Invocations
 32850 | D:15     | Identified the +6 trident of the Glamorous God {freeze,
                  | +Blink rF+ rCorr Stlth-}
 33363 | D:15     | Reached skill level 15 in Fighting
 33475 | D:15     | Found a staircase to the Depths.
 34344 | D:5      | Killed koorschki's ghost
 34372 | D:5      | Identified the ring "Weopouj" {Fire ^Drain Str+3}
 34506 | D:10     | Bought a lightning rod (4/4) for 440 gold pieces
 34805 | D:10     | Killed anet's ghost
 35116 | Lair:1   | Killed grizmgrazm2's ghost
 35444 | D:4      | Bought 2 potions of ambrosia for 224 gold pieces
 35690 | Swamp:1  | Entered Level 1 of the Swamp
 36437 | Swamp:1  | Reached XP level 16. HP: 138/149 MP: 26/26
 36857 | Swamp:1  | Found a runed translucent gate.
 36857 | Swamp:1  | Found a runed translucent gate.
 36857 | Swamp:1  | Found a runed translucent gate.
 36958 | Swamp:1  | Reached skill level 15 in Maces & Flails
 36966 | Swamp:1  | Noticed G0Dl1kE's ghost (journeyman SpEn)
 37010 | Swamp:1  | Noticed Mlioglotl
 37011 | Swamp:1  | Noticed a tentacled starspawn
 37118 | Swamp:1  | Killed Mlioglotl
 38206 | Swamp:2  | Reached skill level 5 in Evocations
 38785 | Swamp:3  | Noticed Roxanne
 39380 | Swamp:4  | Entered Level 4 of the Swamp
 42454 | Swamp:4  | Got a decaying rune of Zot
 44136 | Lair:5   | Reached skill level 10 in Throwing
 44700 | Lair:5   | Reached XP level 17. HP: 145/156 MP: 27/27
 44895 | Snake:1  | Entered Level 1 of the Snake Pit
 45320 | Snake:1  | Found Sookad's General Store.
 45325 | Snake:1  | Bought a potion of heal wounds for 80 gold pieces
 45325 | Snake:1  | Bought 6 boomerangs for 192 gold pieces
 48676 | Elf:1    | Entered Level 1 of the Elven Halls
 49337 | Elf:1    | Identified a scroll of acquirement
 49467 | Elf:1    | Noticed Louise
 49487 | Elf:1    | Killed Louise
 49804 | Elf:1    | Reached skill level 15 in Armour
 51423 | Elf:1    | Found a radiant altar of Vehumet.
 52101 | Elf:2    | Paralysed by an air elemental for 1 turns
 52371 | Elf:2    | Noticed a deep elf blademaster
 52396 | Elf:2    | Found a runed translucent gate.
 52396 | Elf:2    | Found a runed translucent gate.
 52415 | Elf:2    | Noticed Agnes
 52431 | Elf:2    | Found a runed translucent gate.
 52730 | Elf:1    | Killed Agnes
 53085 | Elf:2    | Found Ruskitoish's General Store.
 53104 | Elf:2    | Bought a potion of heal wounds for 85 gold pieces
 53104 | Elf:2    | Bought a scroll of enchant armour for 127 gold pieces
 53104 | Elf:2    | Bought a scroll of teleportation for 51 gold pieces
 53104 | Elf:2    | Bought a potion of curing for 51 gold pieces
 53196 | Elf:2    | Identified the +4 mace of Impatience {antimagic, rC+ rN+
                  | Dex+2}
 53229 | Elf:2    | Killed a deep elf blademaster
 53230 | Elf:2    | Reached XP level 18. HP: 113/173 MP: 13/28
 56789 | Snake:2  | Found Beon's Jewellery Boutique.
 56836 | Snake:2  | Bought a ring of poison resistance for 300 gold pieces
 56893 | Snake:2  | Found Otsoczeibo's Book Boutique.
 56893 | Snake:2  | Found Yvapebra's Jewellery Emporium.
 56894 | Snake:2  | Found Papp's Jewellery Emporium.
 58451 | Snake:4  | Entered Level 4 of the Snake Pit
 58451 | Snake:4  | Found Haametid's Magic Scroll Shop.
 58531 | Snake:4  | Found Jafiulo's Distillery.
 58553 | Snake:4  | Identified the serpent talisman "Vulo" {rN+ Str+3 Int-4
                  | SInv}
 58553 | Snake:4  | Noticed Aizul
 58812 | Snake:4  | Killed Aizul
 61092 | Snake:4  | Bought a scroll of teleportation for 39 gold pieces
 61094 | Snake:4  | Found Toantel's Assorted Antiques.
 61665 | Snake:4  | Reached XP level 19. HP: 169/185 MP: 26/30
 63407 | Snake:4  | Got a serpentine rune of Zot
 63480 | Snake:4  | Found Owneeh's Book Boutique.
 63546 | Snake:4  | Found Rawet's Antique Weapon Boutique.
 63796 | Vaults:1 | Entered Level 1 of the Vaults
 64334 | Vaults:1 | Reached skill level 10 in Dodging
 67371 | Snake:2  | Bought the ring "Sumem" {rElec rC+ Will+} for 690 gold
                  | pieces
 67672 | Vaults:2 | Noticed a dread lich
 67674 | Vaults:2 | Found a runed translucent gate.
 67674 | Vaults:2 | Found a runed translucent gate.
 67674 | Vaults:2 | Found an ancient bone altar of Kikubaaqudgha.
 67674 | Vaults:2 | Found a runed translucent gate.
 67674 | Vaults:2 | Noticed vegansnacktivist's ghost (adept DDFi)
 67674 | Vaults:2 | Noticed an ancient lich
 67750 | Vaults:2 | Reached XP level 20. HP: 133/193 MP: 31/31
 67769 | Vaults:2 | Reached skill level 15 in Shields
 70478 | Snake:4  | Bought a warped morningstar for 261 gold pieces
 70478 | Snake:4  | Identified the +12 morningstar of the Hand {venom, Int+2
                  | SInv} (You bought it in a shop on level 4 of the Snake Pit)
 70814 | Vaults:3 | You fall into a shaft and drop 1 floor!
 71754 | Vaults:4 | Noticed Zenata
 71815 | Vaults:4 | Reached XP level 21. HP: 201/201 MP: 33/33
 71926 | Vaults:4 | Killed Zenata
 72799 | Vaults:3 | Found a staircase to the Crypt.
 72885 | Vaults:3 | Found Cikeptob's Antique Armour Shoppe.
 73099 | Vaults:3 | Noticed Xtahua
 73420 | Elf:3    | Entered Level 3 of the Elven Halls
 73490 | Elf:3    | Gained mutation: You occasionally lose the ability to drink
                  | potions when taking damage. [a cacodemon]
 73638 | Elf:3    | Found Akhlee's General Store.
 73644 | Elf:3    | Found Isuthrue's Magic Scroll Shoppe.
 73651 | Elf:3    | Bought a scroll of teleportation for 36 gold pieces
 74371 | Elf:3    | Found a runed translucent gate.
 74371 | Elf:3    | Found a runed translucent gate.
 74371 | Elf:3    | Found a runed translucent gate.
 74372 | Elf:3    | Noticed Zeofi's ghost (adept DsNe)
 74693 | Elf:3    | Identified the +1 leather armour "Qonwiejo" {+Inv rElec
                  | rPois Int-4}
 74794 | Elf:3    | Found an iron altar of Okawaru.
 74828 | Elf:2    | Killed Zeofi's ghost
 75863 | Elf:3    | Identified the amulet "Ysyoluhyarr" {rN++ RegenMP+ Int+2
                  | Slay-4}
 76113 | Elf:3    | Lost mutation: You occasionally lose the ability to drink
                  | potions when taking damage. [potion of mutation]
 76113 | Elf:3    | Gained mutation: You have a somewhat thin skeletal
                  | structure. (Dex +2, Stealth+) [potion of mutation]
 76113 | Elf:3    | Gained mutation: Your body sometimes deteriorates upon
                  | taking damage. [potion of mutation]
 76113 | Elf:3    | Gained mutation: You have hidden genetic potential. [potion
                  | of mutation]
 76123 | Elf:3    | Identified the +3 scale mail of Resilience {*Corrode rC++
                  | Str+6}
 76126 | Elf:3    | Identified the +1 war axe of Dishonour {freeze, rElec rN+}
 76214 | Elf:3    | Got Sif Muna's Monograph on Altered Frost
 76219 | Elf:3    | Got the Incunabulum of Wintry Argyropoeia
 76765 | Snake:2  | Bought the ring of Prescription {rF+ Str+6} for 750 gold
                  | pieces
 76909 | Swamp:1  | Killed G0Dl1kE's ghost
 76933 | Swamp:1  | Identified the amulet of Honesty {Harm Will+ RegenMP+}
 76935 | Swamp:1  | Got Vesuagg's Precepts of Smoking Feathers
 77237 | Depths:1 | Entered Level 1 of the Depths
 77496 | Depths:1 | Reached skill level 15 in Throwing
 77668 | Depths:1 | Reached XP level 22. HP: 129/215 MP: 34/34
 78202 | Depths:1 | Found a gateway to Hell.
 78374 | Depths:1 | Found a one-way gate to the infinite horrors of the Abyss.
 79208 | Depths:2 | Identified the staff "Ecuismae" {rF+ Fire Ice}
 79417 | Depths:2 | Identified the +6 mace of Embarrassment {heavy, MP-9 Str+4
                  | Int-4 Stlth+}
 79629 | Depths:2 | Identified the orb "Qubupax" {*channel, MP+9}
 79629 | Depths:2 | Noticed Frederick
 79694 | Depths:2 | Killed Frederick
 79867 | Depths:2 | Noticed a golden dragon
 79875 | Depths:2 | Killed a golden dragon
 80095 | Depths:2 | Found a one-way gate leading to the halls of Pandemonium.
 80186 | Depths:2 | Gained mutation: You have a pair of large horns on your
                  | head. [hidden potential]
 80199 | Depths:2 | Got the Grimoire of Felsic Electrocution
 80831 | Depths:3 | Found an ornate altar of the Wu Jian Council.
 81132 | Depths:3 | Reached XP level 23. HP: 124/226 MP: 36/36
 82009 | Depths:3 | Found a basalt altar of Yredelemnul.
 82096 | Depths:4 | Entered Level 4 of the Depths
 82115 | Depths:4 | Found Paceh's Weapon Shoppe.
 82463 | Depths:4 | Found a gate to the Realm of Zot.
 82921 | Depths:4 | Found a one-way gateway to a ziggurat.
 84569 | Depths:4 | Found Ahiucw's Book Shoppe.
 84573 | Depths:4 | Found Ydghuehea's Distillery.
 84579 | Depths:4 | Bought a potion of enlightenment for 115 gold pieces
 84579 | Depths:4 | Bought a potion of might for 92 gold pieces
 84579 | Depths:4 | Bought a potion of heal wounds for 115 gold pieces
 84579 | Depths:4 | Bought 2 potions of curing for 138 gold pieces
 85355 | Vaults:3 | Killed Xtahua
 85666 | Vaults:2 | Killed an ancient lich
 85666 | Vaults:2 | Killed a dread lich
 85697 | Vaults:2 | Killed vegansnacktivist's ghost
 85709 | Vaults:2 | Identified the +1 pair of gloves of the Gate {Int+3}
 85712 | Vaults:2 | Identified the ring "Utifyck" {Ice rN+ Int+5 Dex-4}
 85946 | Slime:1  | Entered Level 1 of the Pits of Slime
 85969 | Lair:5   | Gained mutation: You possess an exceptional clarity of
                  | mind. [hidden potential]
 85969 | Lair:5   | Lost mutation: You have hidden genetic potential. [hidden
                  | potential expressed]
 86088 | Slime:4  | Gained mutation: You are frail. (-10% HP) [a shining eye]
 86099 | Slime:4  | Lost mutation: You have a somewhat thin skeletal structure.
                  | (Dex +2, Stealth+) [potion of mutation]
 86099 | Slime:4  | Lost mutation: You possess an exceptional clarity of mind.
                  | [potion of mutation]
 86099 | Slime:4  | Lost mutation: You are frail. (-10% HP) [potion of
                  | mutation]
 86099 | Slime:4  | Gained mutation: You are somewhat resistant to further
                  | mutation. [potion of mutation]
 86099 | Slime:4  | Gained mutation: Your mind is acute. (Int +4, Str/Dex -1)
                  | [potion of mutation]
 86152 | Slime:4  | Gained mutation: Your body often deteriorates upon taking
                  | damage. [a shining eye]
 86156 | Slime:4  | Gained mutation: Your health recovers twice as slowly from
                  | being drained. [a shining eye]
 87084 | Slime:5  | Entered Level 5 of the Pits of Slime
 87225 | Slime:5  | Gained mutation: You occasionally lose the ability to drink
                  | potions when taking damage. [a shining eye]
 87269 | Slime:4  | Lost mutation: Your body often deteriorates upon taking
                  | damage. [potion of mutation]
 87269 | Slime:4  | Lost mutation: You occasionally lose the ability to drink
                  | potions when taking damage. [potion of mutation]
 87269 | Slime:4  | Gained mutation: Your magical capacity is low. (-10% MP)
                  | [potion of mutation]
 87321 | Slime:5  | Noticed the Royal Jelly
 87491 | Slime:5  | Lost mutation: Your mind is acute. (Int +4, Str/Dex -1) [a
                  | shining eye]
 87554 | Slime:5  | Found a viscous altar of Jiyva.
 88234 | Slime:5  | Killed the Royal Jelly
 88235 | Slime:5  | Reached XP level 24. HP: 225/238 MP: 33/33
 88385 | Slime:5  | Got a slimy rune of Zot
 88542 | Slime:5  | Identified the +0 chain mail of Fallacy {rPois Will+}
 88567 | Slime:5  | Identified the +10 whip of Purpose {flame, rPois rF+ rN+
                  | Str-2}
 88751 | Snake:4  | Bought a scroll of brand weapon for 123 gold pieces
 88751 | Snake:4  | Bought a scroll of blinking for 97 gold pieces
 89907 | Zot:1    | Entered Level 1 of the Realm of Zot
 90620 | Zot:1    | Noticed a dread lich
 90784 | Depths:4 | Killed a dread lich
 91635 | Zot:1    | Noticed an orb of fire
 91640 | Zot:1    | Killed an orb of fire
 92141 | Zot:1    | Identified the +6 great sword of a sewer {venom, rElec
                  | Will++ Int-2}
 92736 | Zot:1    | You fall into a shaft and drop 1 floor!
 93477 | Zot:2    | Identified the +0 robe of the Unseen Realm {rN+ Int+3}
 94525 | Zot:3    | Noticed a Killer Klown
 94546 | Zot:3    | Killed a Killer Klown
 94816 | Zot:3    | Found a transporter.
 94819 | Zot:3    | Noticed Anuegiwi's ghost (veteran AtFi)
 94833 | Zot:3    | Found a transporter.
 94892 | Zot:3    | Reached XP level 25. HP: 212/253 MP: 33/34
 97193 | Zot:5    | Entered Level 5 of the Realm of Zot
 97424 | Zot:5    | Identified the ring of Kannapo {rF+ Will+ rCorr Str+3}
 97771 | Zot:5    | Noticed a Killer Klown
 97774 | Zot:5    | Noticed a Killer Klown
 97787 | Zot:5    | Killed a Killer Klown
 97800 | Zot:5    | Killed a Killer Klown
 97808 | Zot:5    | Noticed a Killer Klown
 97812 | Zot:5    | Noticed an orb of fire
 97814 | Zot:5    | Killed a Killer Klown
 97818 | Zot:5    | Noticed a Killer Klown
 97819 | Zot:5    | Killed an orb of fire
 97842 | Zot:5    | Killed a Killer Klown
 97988 | Zot:5    | Noticed a dread lich
 98001 | Zot:5    | Killed a dread lich
 98085 | Zot:5    | Noticed an ancient lich
 98110 | Zot:5    | Killed an ancient lich
 98142 | Zot:5    | Noticed an ancient lich
 98159 | Zot:5    | Killed an ancient lich
 98328 | Zot:5    | Noticed an orb of fire
 98331 | Zot:5    | Gained mutation: You are weak. (Str -2) [an orb of fire]
 98336 | Zot:5    | Gained mutation: Armour fits poorly on your strangely
                  | shaped body. [an orb of fire]
 98336 | Zot:5    | Gained mutation: You occasionally shout uncontrollably at
                  | your foes. [an orb of fire]
 98360 | Zot:5    | Gained mutation: Your body often deteriorates upon taking
                  | damage. [an orb of fire]
 98363 | Zot:5    | Killed an orb of fire
 98366 | Zot:5    | Lost mutation: You occasionally shout uncontrollably at
                  | your foes. [potion of mutation]
 98366 | Zot:5    | Lost mutation: You are weak. (Str -2) [potion of mutation]
 98366 | Zot:5    | Lost mutation: You are somewhat resistant to further
                  | mutation. [potion of mutation]
 98366 | Zot:5    | Gained mutation: You are partially covered in iridescent
                  | scales. (AC +2) [potion of mutation]
 98367 | Zot:5    | Lost mutation: Your body often deteriorates upon taking
                  | damage. [potion of mutation]
 98367 | Zot:5    | Lost mutation: Your health recovers twice as slowly from
                  | being drained. [potion of mutation]
 98367 | Zot:5    | Lost mutation: You have a pair of large horns on your head.
                  | [potion of mutation]
 98367 | Zot:5    | Gained mutation: Your body often deteriorates upon taking
                  | damage. [potion of mutation]
 98367 | Zot:5    | Gained mutation: Your spells are a little harder to cast,
                  | but a little more powerful. [potion of mutation]
 98367 | Zot:5    | Gained mutation: Your mind is acute. (Int +4, Str/Dex -1)
                  | [potion of mutation]
 98373 | Zot:5    | Lost mutation: Your magical capacity is low. (-10% MP)
                  | [potion of mutation]
 98373 | Zot:5    | Lost mutation: You are partially covered in iridescent
                  | scales. (AC +2) [potion of mutation]
 98373 | Zot:5    | Gained mutation: You expend magic power (3 MP) to
                  | strengthen your wands. [potion of mutation]
 98373 | Zot:5    | Lost mutation: Your spells are a little harder to cast, but
                  | a little more powerful. [potion of mutation]
 98858 | Zot:5    | Noticed a Killer Klown
 98876 | Zot:5    | Killed a Killer Klown
 98903 | Zot:5    | Noticed a dread lich
 98926 | Zot:5    | Killed a dread lich
 98927 | Zot:5    | Reached skill level 27 in Invocations
 99104 | Zot:5    | Reached XP level 26. HP: 223/261 MP: 39/39
 99486 | Zot:5    | Noticed a dread lich
 99501 | Zot:5    | Noticed an ancient lich
 99505 | Zot:5    | Killed a dread lich
 99516 | Zot:5    | Killed an ancient lich
 99550 | Zot:5    | Paralysed by a Zot trap for 4 turns
 99738 | Zot:5    | Reached skill level 27 in Fighting
100490 | Zot:5    | Got the Orb of Zot
100794 | D:12     | Noticed Apseiryx the pandemonium lord
101048 | D:$      | Escaped with the Orb!

Illustrated notes

Levels and vault maps discovered:
D:1:      nzn_arrival_depleted_hourglass, layout_basic,
          hellmonk_ecumenical_altar_zigzags, minmay_crystal_room
D:2:      layout_basic
D:3:      layout_loops_corners, grunt_ministairs_13,
          nicolae_figureground_sparkle, uniq_grinder
D:4:      layout_cave_pods, serial_shops, shop, uniq_sigmund, uniq_edmund
D:5:      minmay_octagon_keep, layout_loops_ring,
          nicolae_hepliaklqana_hazy_memory, gammafunk_ghost_icy, serial_shops,
          nicolae_shop_tiny_waterfront
D:6:      minmay_inner_zag, layout_loops_ring, grunt_dithmenos_smoke
D:7:      layout_rooms, nicolae_qazlal_beasts_of_the_sky,
          lemuel_temple_firewalk_b
D:8:      layout_basic
D:9:      layout_basic, uniq_maggie
D:10:     layout_stronghold, minitemple, orc_0_dummy, gammafunk_ghost_spectres,
          nicolae_elemental_shop
D:11:     layout_cave_pods, lair_entry_dummy, jiyva_altar_1
D:12:     layout_big_octagon, chequers_serial_rivers_micro_b,
          chequers_serial_rivers_large_a, uniq_nergalle, uniq_azrael
D:13:     layout_basic, erik_vaults_2, kennysheep_generic_room_13,
          uniq_josephine
D:14:     layout_rooms, lemuel_crystal_altar, uniq_jorgrun
D:15:     grunt_enter_depths_magical_seal, layout_layer_cave, chequers_jeans
Lair:1:   layout_chaotic_city, hellmonk_ghost_happy_afterlife,
          grunt_megastairs_4
Lair:2:   layout_hall_layers, minmay_swamp_entry_worms,
          chequers_serial_rivers_micro_c, uniq_harold
Lair:3:   layout_regular_city, dummy_snake_entry
Lair:4:   layout_cave_shapes, uniq_nessos
Lair:5:   due_jungle_book, layout_regular_city, slime_entry_1,
          minmay_stone_trees_small, nicolae_lair_time_for_slime
Swamp:1:  layout_basic_swamp, gammafunk_ghost_necromancy,
          nicolae_swamp_little_tower, uniq_mlioglotl
Swamp:2:  layout_basic_swamp, nicolae_swamp_stuck_in_the_mud
Swamp:3:  layout_falls_marsh, hangedman_swamp_pad, swamp_pool_1_2,
          nicolae_swamp_well_well_well, uniq_roxanne
Swamp:4:  swamp_icy, layout_basic_swamp
Snake:1:  layout_chambers, serial_shops, shop, nicolae_integral_box
Snake:2:  layout_rooms, serial_shops, nicolae_shop_tiny_statue_garden,
          minmay_shop_grove
Snake:3:  layout_chambers
Snake:4:  grunt_snake_rune_spirals, layout_onion_interference, serial_shops,
          nicolae_shop_tiny_glass, nicolae_shop_gibbet_a_chance,
          nicolae_shop_behind_doors, nicolae_lakefront_shop, nicolae_shop_trees,
          uniq_aizul
Slime:1:  layout_caves
Slime:2:  layout_caves
Slime:3:  layout_caves
Slime:4:  layout_caves
Slime:5:  slime_pit_nicolae_trefoil
Orc:1:    layout_caves, basic_altar, minmay_shop_mass
Orc:2:    st_orc_congregation, layout_diamond_mine, basic_altar,
          kennysheep_orc_chapel
Elf:1:    nicolae_elf_arrival_no_cutting_in_line, layout_rooms,
          guppyfry_elf_altar, drop_trap, uniq_louise
Elf:2:    nicolae_elf_blades_crystal_corner, layout_loops_ring, serial_shops,
          nicolae_shop_waterfront, uniq_agnes
Elf:3:    nooodl_elf_gasket, layout_gridlike, gammafunk_ghost_fury_of_okawaru,
          minmay_shop_star
Vaults:1: portal_desolation_entry_nicolae_nacl, ontoclasm_vaults_eye,
          nicolae_vaults_trapezoid_lopsided_4, nicolae_vaults_network_barrier,
          v_misc_24, nicolae_vaults_little_squares_3, nicolae_vaults_what_the_h,
          nicolae_vaults_tetromino_Z_2, hangedman_vaults_stream,
          nicolae_vaults_little_squares_5, nicolae_vaults_diamond_2,
          v_pattern_2, nicolae_vaults_storage_room_water,
          nicolae_vaults_tetromino_L_1, layout_vaults_ring
Vaults:2: gammafunk_ghost_crypt, ontoclasm_vaults_shuriken,
          nicolae_vaults_double_plus_3, vaults_dpeg_hooks, v_misc_18,
          nicolae_vaults_steering_wheel, hangedman_vaults_river_flow,
          nicolae_vaults_quartermaster, nicolae_vaults_shrinking_rooms_1,
          nicolae_vaults_sightless_eye, ontoclasm_vaults_loading_screen,
          hangedman_vaults_capsules, layout_vaults_maze_bifur
Vaults:3: nicolae_vaults_closet_pinwheel_3, nicolae_vaults_surprise_closet,
          minmay_orc_keep, layout_vaults_omnigrid,
          minmay_crypt_entry_nasty_monster, serial_shops, shop, uniq_xtahua
Vaults:4: nicolae_vaults_diagonal_hallway_6, nicolae_vaults_know_your_exits,
          nicolae_vaults_big_ls, nicolae_vaults_twisting_passages,
          hangedman_vaults_corner_blocks, nicolae_vaults_ninety_degrees,
          nicolae_vaults_border_crossing, vaults_mumra_minichess_inversion,
          nicolae_vaults_theta, v_misc_19, nicolae_vaults_hallways_thing,
          layout_vaults_omnibox, uniq_zenata
Depths:1: layout_honeycomb, hellmouth_2, abyss_entry_crystal,
          chequers_serial_rivers_small_3, minivault_16, hangedman_decor_push
Depths:2: hangedman_crystal_crosses_colossus [crystal_crosses_arms_two,
          crystal_crosses_arms_two, crystal_crosses_arms_one], pan_entry,
          hell_entry
Depths:3: minmay_connected_boxes_in_corner, layout_cave_shapes,
          rand_demon_pan_entry_5, hangedman_coc_ice_floe, abyss_entry,
          nicolae_wu_jian_immortal_techniques, nicolae_yredelemnul_corpse_copse,
          infiniplex_staircase_pool_2
Depths:4: grunt_crosshair, layout_gridville, enter_ziggurat_f, grunt_decor_cap,
          serial_shops, shop, hell_entry, minmay_shoptagon
Zot:1:    hangedman_zot_vaults_quadrants, layout_onion_interference
Zot:2:    layout_twisted_circle
Zot:3:    layout_onion_interference, gammafunk_ghost_berserking_beasts,
          grunt_ministairs_11
Zot:4:    layout_onion_interference
Zot:5:    layout_basic, grunt_ministairs_9

Skill      XL: |  1  2  3  4  5  6  7  8  9 10 11 12 13 14 15 16 17 18 19 20 21 22 23 24 25 26 |
---------------+-------------------------------------------------------------------------------+-----
Fighting       | 3 4 5 6 8 9 10 12 13 15 16 18 20 22 23 24 26 27 | 27.0
Invocations    | 1 2 3 4 5 9 11 13 15 17 19 21 22 23 27 | 27.0
Dodging        | 3 5 8 12 13 14 | 14.0
Axes           | 1 4 |  4.5
Maces & Flails | 2 6 9 11 13 14 15 | 15.7
Throwing       | 5 6 10 12 15 16 | 16.0
Evocations     | 4 6 |  6.0
Armour         | 5 10 13 15 16 18 20 | 20.9
Shields        | 12 14 18 | 18.1
Short Blades   | |  2.1
Stealth        | |  3.2

Action                     |  1- 3 |  4- 6 |  7- 9 | 10-12 | 13-15 | 16-18 | 19-21 | 22-24 | 25-27 || total
---------------------------+-------+-------+-------+-------+-------+-------+-------+-------+-------++-------
  Melee: Dagger            |    85 |    58 |       |       |       |       |       |       |       ||   143
         Headbutt          |    14 |    23 |    32 |   159 |   474 |   407 |   492 |   661 |   210 ||  2472
         Flail             |       |    37 |   219 |   602 |  1500 |       |       |       |       ||  2358
         Short sword       |       |       |     8 |    20 |       |       |       |       |       ||    28
         War axe           |       |       |       |       |    10 |       |       |       |       ||    10
         Morningstar       |       |       |       |       |   133 |  1544 |  1529 |  1125 |    75 ||  4406
         Eveningstar       |       |       |       |       |       |       |       |   661 |   532 ||  1193
   Fire: Sling             |       |     1 |       |       |       |       |       |       |       ||     1
  Throw: Dart              |     8 |    34 |     4 |    29 |       |       |       |     5 |       ||    80
         Boomerang         |       |       |    11 |    14 |    25 |    47 |     5 |    23 |       ||   125
         Javelin           |       |       |       |       |       |       |       |     7 |       ||     7
         Throwing net      |       |       |       |       |       |       |       |       |     1 ||     1
 Invoke: Line Pass         |       |     2 |     9 |     9 |     2 |     7 |     4 |     3 |     1 ||    37
         Grand Finale      |       |       |       |     1 |     3 |     5 |       |     1 |     2 ||    12
         Stomp             |       |       |       |     1 |    10 |    20 |    13 |    12 |     9 ||    65
  Evoke: Wand              |       |       |     8 |     2 |     5 |    17 |     9 |     7 |     2 ||    50
         Lightning rod     |       |       |       |       |       |     9 |       |       |       ||     9
         Phantom mirror    |       |       |       |       |       |     1 |     1 |       |       ||     2
    Use: Scroll            |       |     6 |     4 |     9 |    16 |    17 |     5 |    11 |     3 ||    71
         Potion            |       |     3 |     2 |     2 |     2 |    15 |     4 |     4 |     5 ||    37
   Stab: Sleeping          |     3 |     1 |     2 |     1 |       |       |       |       |       ||     7
         Confused          |       |     1 |     3 |     5 |       |     3 |     2 |       |       ||    14
         Paralysed         |       |       |    11 |    44 |   101 |   105 |   214 |   199 |    64 ||   738
 Armour: Robe              |     5 |       |       |       |       |       |       |       |       ||     5
         Leather armour    |    31 |       |       |       |       |       |       |       |       ||    31
         Ring mail         |     6 |    60 |   193 |   392 |       |       |       |       |       ||   651
         Chain mail        |       |       |       |   117 |   988 |  1115 |   713 |   122 |       ||  3055
         Plate armour      |       |       |       |       |       |       |       |   354 |       ||   354
         Skin              |       |       |       |       |       |       |       |     9 |       ||     9
         Gold dragon scale |       |       |       |       |       |       |       |   799 |   472 ||  1271
  Dodge: Dodged            |    49 |    45 |   130 |   215 |   349 |   537 |   543 |   435 |   153 ||  2456
  Block: Other             |     6 |    17 |       |       |       |       |       |       |       ||    23
         Reflection        |     1 |     2 |       |       |       |       |       |       |       ||     3
         Tower shield      |       |       |       |   150 |   994 |       |   804 |  1744 |   627 ||  4319
         Kite shield       |       |       |       |       |   313 |   908 |   418 |       |       ||  1639

Table legend: (Time is in decaauts)
 A = Elapsed time spent in this place.
 B = Non-inter-level travel time spent in this place.
 C = Inter-level travel time spent in this place.
 D = Time resting spent in this place.
 E = Time spent auto-exploring this place.
 F = Levels seen in this place.
 G = Mean time per level.
                   A        B        C        D        E       F      G
               +--------+--------+--------+--------+--------+-----+--------+
         Total | 100323 |  81481 |  18842 |  30542 |  21925 |  51 | 1967.1 |
       Dungeon |  27325 |  18818 |   8507 |   5131 |   5045 |  15 | 1821.7 |
          Lair |  12863 |  10590 |   2273 |   4306 |   2102 |   5 | 2572.6 |
         Swamp |   7266 |   6275 |    991 |   3193 |   1114 |   4 | 1816.5 |
     Snake Pit |  12631 |  10460 |   2171 |   5649 |   2520 |   4 | 3157.8 |
    Slime Pits |   2199 |   1672 |    527 |    542 |    235 |   5 |  439.8 |
  Orcish Mines |   4551 |   3700 |    851 |   1790 |    402 |   2 | 2275.5 |
   Elven Halls |   8606 |   7340 |   1266 |   3306 |   1344 |   3 | 2868.7 |
        Vaults |   8104 |   7018 |   1086 |   1798 |   2939 |   4 | 2026.0 |
        Depths |   7732 |   6983 |    749 |   2458 |   2200 |   4 | 1933.0 |
           Zot |   9041 |   8625 |    416 |   2367 |   4023 |   5 | 1808.2 |
               +--------+--------+--------+--------+--------+-----+--------+

Top non-repeatable levels by time:
 Snake:4: 4111 daAuts
 Snake:1: 3951 daAuts
   Elf:1: 3755 daAuts
    D:11: 3159 daAuts
 Snake:3: 3105 daAuts
   Zot:5: 3090 daAuts
  Lair:1: 3047 daAuts
    D:10: 2968 daAuts
  Lair:5: 2924 daAuts
   Orc:2: 2862 daAuts
  Lair:2: 2695 daAuts
 Swamp:4: 2642 daAuts
    D:13: 2635 daAuts
Vaults:1: 2633 daAuts
    D:15: 2590 daAuts
